 Dungeon Crawl Stone Soup version 0.29-a0-559-g359e09b9d1 (webtiles) character file.

Game seed: 8653981907012648217

1472 ptdevnull the Slicer (level 9, 0/84 HPs)
             Began as a Kobold Berserker on June 10, 2022.
             Was a Priest of Trog.
             Slain by a komodo dragon (16 damage)
             ... on level 7 of the Dungeon.
             The game lasted 00:09:21 (6893 turns).

ptdevnull the Slicer (Kobold Berserker)             Turns: 6893, Time: 00:09:21

Health: 0/84       AC:  4    Str: 17    XL:     9   Next: 6%
Magic:  9/9        EV: 19    Int:  9    God:    Trog [***...]
Gold:   395        SH:  0    Dex: 20    Spells: 8/8 levels left

rFire   . . .      SeeInvis +   b - +6 scimitar "Eryz" {vorpal, Str+3 Dex+2 SInv}
rCold   . . .      Faith    .   (no shield)
rNeg    . . .      Spirit   .   g - +1 robe {Will+}
rPois   .          Reflect  .   (no helmet)
rElec   .          Harm     .   r - +0 cloak
rCorr   .          Rampage  .   (no gloves)
Will    +....                   (no boots)
Stlth   ..........              f - amulet of magic regeneration
HPRegen 0.24/turn               (no ring)
MPRegen 0.51/turn               (no ring)

@: berserking, studying Polearms, very quick
A: small, no large weapons, nightstalker 3
a: Renounce Religion, Berserk, Trog's Hand


You were on level 7 of the Dungeon.
You worshipped Trog.
Trog was most pleased with you.
You visited 1 branch of the dungeon, and saw 7 of its levels.

You collected 395 gold pieces.

Inventory:

Hand Weapons
 a - a +1 short sword of venom
 b - the +6 scimitar "Eryz" (weapon) {vorpal, Str+3 Dex+2 SInv}
   (You found it on level 6 of the Dungeon)

   It inflicts extra damage upon your enemies.
   Str:       It affects your strength (+3).
   Dex:       It affects your dexterity (+2).
   SInv:      It lets you see invisible.
Missiles
 y - 6 throwing nets (quivered)
Armour
 c - a +1 ring mail of fire resistance
 g - a +1 robe of willpower (worn)
 r - a +0 cloak (worn)
Jewellery
 f - an amulet of magic regeneration (around neck)
Wands
 i - a wand of paralysis (10)
 m - a wand of flame (10)
Scrolls
 d - a scroll of brand weapon {unknown}
 h - a scroll of fear {unknown}
 k - a scroll of enchant armour {unknown}
 l - 2 scrolls of noise {unknown}
 o - a scroll of fog {unknown}
 q - 2 scrolls of torment {unknown}
 t - 2 scrolls of poison {unknown}
 w - a scroll of vulnerability {unknown}
 x - a scroll of teleportation {unknown}
Potions
 e - 4 potions of heal wounds
 j - 3 potions of lignification
 n - 3 potions of might
 p - a potion of ambrosia {unknown}
 s - 2 potions of haste
 u - 2 potions of curing {unknown}
 v - a potion of flight {unknown}
 z - a potion of resistance {unknown}


   Skills:
 + Level 6.3 Fighting
 - Level 9.1(9.4) Short Blades
 * Level 2.4(4.3) Long Blades
 - Level 1.5 Armour
 + Level 6.4 Dodging
 - Level 5.0 Stealth


You had 8 spell levels left.
You didn't know any spells.
Your spell library was empty.

Dungeon Overview and Level Annotations

Branches:
Dungeon (7/15)             Temple (0/1) D:4

Altars:
Hepliaklqana
Makhleb
Sif Muna

Shops:
D:6 (

Annotations:
D:3 1 transporter
D:6 2 transporters


Innate Abilities, Weirdness & Mutations

You are small and have problems with some larger weapons.
You are completely attuned to the shadows.


Message History

Your base Long Blades skill increases to level 2!
An acid dragon comes into view.
The helpless acid dragon fails to defend itself.
You slice the acid dragon!!
The acid dragon is almost dead.
The acid dragon spits acid at you. The splash of acid hits you!
The acid dragon bites you. The acid dragon closely misses you.
You hear an angry hiss. x2
You closely miss the acid dragon.
The acid dragon is almost dead.
The acid dragon closely misses you. The acid dragon misses you.
You closely miss the acid dragon.
The acid dragon is almost dead.
The acid dragon bites you. The acid dragon closely misses you.
You slash the acid dragon!
You kill the acid dragon!
Trog accepts your kill.
You have reached level 9!
Your experience leads to an increase in your attributes!
Your base attributes are Str 14, Int 9, Dex 16.
Increase (S)trength, (I)ntelligence, or (D)exterity?
You feel agile. x2
You start resting.
A komodo dragon comes into view.
Found a fizzy inky potion.
The komodo dragon hisses angrily.
You hit the komodo dragon.
The komodo dragon is lightly wounded.
The komodo dragon closely misses you.
You hit the komodo dragon.
The komodo dragon is moderately wounded.
The komodo dragon bites you!!
A red film seems to cover your vision as you go berserk!
You feel yourself moving faster!
You feel mighty! The komodo dragon bites you!!
* * * LOW HITPOINT WARNING * * *
You slice the komodo dragon!!
The komodo dragon is almost dead.
The komodo dragon bites you!
You die...

### ### ##†##
##.## ##...##
#.#.###..#@l#
#.#.##.......#
#.#.##.#####..#
#.#.#..# ..!
#.#.#..#.# ##
#.#.#..#..#
#.#.#.###..# #
#.#.### #.. ##
##.## .#######.


You could see a komodo dragon.

Vanquished Creatures
  An acid dragon (D:7)
  A water moccasin (D:7)
  An orc warrior (D:4)
  An ice beast (D:7)
  2 ogres (D:5)
  3 phantoms
  Blork the orc (D:5)
  A bullfrog (D:5)
  A howler monkey (D:5)
  4 hounds
  3 jellies
  A gnoll shaman (D:4)
  8 adders
  8 gnolls
  A shadow imp (D:5)
  A white imp (D:6)
  An ufetubus (D:7)
  3 worms
  5 dart slugs
  2 orcs
  8 ball pythons
  5 bats
  10 endoplasms
  5 giant cockroaches
  5 goblins
  13 hobgoblins
  2 jackals (D:2)
  6 kobolds
  3 quokkas
  4 frilled lizards
  4 rats
114 creatures vanquished.

Notes
Turn   | Place    | Note
-------+----------+-------------------------------------------
     0 | D:1      | ptdevnull the Kobold Berserker began the quest for the Orb.
     0 | D:1      | Reached XP level 1. HP: 14/14 MP: 1/1
   102 | D:1      | Reached XP level 2. HP: 14/19 MP: 2/2
   205 | D:1      | Reached skill level 1 in Stealth
   739 | D:1      | Reached XP level 3. HP: 23/23 MP: 3/3
  1711 | D:2      | Reached skill level 5 in Short Blades
  1711 | D:2      | Reached XP level 4. HP: 29/29 MP: 4/4
  1755 | D:2      | Reached ** piety under Trog
  1987 | D:2      | HP: 2/43 [gnoll/+2 vampiric halberd (1)]
  1990 | D:2      | Reached XP level 5. HP: 3/33 MP: 5/5
  2621 | D:3      | Found a transporter.
  2751 | D:3      | Found a burning altar of Makhleb.
  3262 | D:4      | Found a staircase to the Ecumenical Temple.
  3264 | D:4      | Noticed a phantom
  3282 | D:4      | Killed a phantom
  3283 | D:4      | Reached skill level 6 in Short Blades
  3283 | D:4      | Reached XP level 6. HP: 32/39 MP: 6/6
  3495 | D:4      | Noticed an orc warrior
  3568 | D:4      | Killed an orc warrior
  3569 | D:4      | Reached XP level 7. HP: 44/44 MP: 7/7
  3759 | D:4      | Reached skill level 7 in Short Blades
  4436 | D:5      | Entered Level 5 of the Dungeon
  4515 | D:5      | Noticed Blork the orc
  4519 | D:5      | Killed Blork the orc
  4584 | D:5      | Reached skill level 5 in Fighting
  4901 | D:5      | Reached skill level 5 in Dodging
  4901 | D:5      | Reached skill level 5 in Stealth
  4901 | D:5      | Reached XP level 8. HP: 49/49 MP: 8/8
  4981 | D:5      | Reached skill level 8 in Short Blades
  5048 | D:5      | Reached *** piety under Trog
  5398 | D:5      | Reached skill level 9 in Short Blades
  5679 | D:6      | Found a shimmering blue altar of Sif Muna.
  5702 | D:6      | Found Heoludab's Weapon Shoppe.
  5747 | D:6      | Found a transporter.
  5821 | D:6      | Found a transporter.
  6043 | D:6      | Found a hazy altar of Hepliaklqana.
  6205 | D:6      | Identified the +6 scimitar "Eryz" {vorpal, Str+3 Dex+2
                  | SInv}
  6520 | D:7      | Reached skill level 1 in Long Blades
  6796 | D:7      | Reached XP level 9. HP: 31/56 MP: 9/9
  6886 | D:7      | Noticed a komodo dragon
  6893 | D:7      | Slain by a komodo dragon

Illustrated notes

Levels and vault maps discovered:
D:1:      dpeg_arrival_shelter, layout_basic
D:2:      layout_rooms, serial_bayou_pond_a
D:3:      gammafunk_wand_slinger, layout_rooms, lemuel_doored_altar,
          nicolae_concentric_dashed_squares_mild
D:4:      nicolae_cairo_tiling_large_dashed, layout_loops_ring,
          minmay_temple_entry_statues_pillars, minmay_manual_mail
D:5:      layout_cave_pools, grunt_decor_one_mirror, corexii_hall_statues_u,
          uniq_blork_the_orc
D:6:      gammafunk_steamed_eel, layout_basic, mainiacjoe_overflow_paths,
          mainiacjoe_overflow_catwalk, hangedman_decor_growths, minmay_holes,
          hangedman_abyss_or_decor_passed, nicolae_stop_n_shop_2
D:7:      minmay_the_grid_octo_2x2 [minmay_the_grid_octo_toaster,
          minmay_the_grid_octo_77, minmay_the_grid_octo_chip,
          minmay_the_grid_octo_prize_single_spiral], layout_loops_corners

Skill      XL: |  1  2  3  4  5  6  7  8 |
---------------+-------------------------+-----
Stealth        | 1 2 3 5 |  5.0
Dodging        | 3 4 5 6 |  6.4
Short Blades   | 5 6 7 9 |  9.1
Fighting       | 4 5 6 |  6.3
Long Blades    | 2 |  2.4
Armour         | |  1.5

Action                   |  1- 3 |  4- 6 |  7- 9 || total
-------------------------+-------+-------+-------++-------
Melee: Short sword       |    85 |   110 |   122 ||   317
       Punch             |     1 |       |     1 ||     2
       Scimitar          |       |       |    29 ||    29
Invok: Berserk           |       |     3 |     3 ||     6
       Trog's Hand       |       |     1 |       ||     1
  Use: Scroll            |       |       |     6 ||     6
 Stab: Sleeping          |    14 |    15 |    14 ||    43
Armor: Animal skin       |     2 |       |       ||     2
       Robe              |     4 |     9 |    11 ||    24
Dodge: Dodged            |    55 |    61 |    95 ||   211

Table legend: (Time is in decaauts)
 A = Elapsed time spent in this place.
 B = Non-inter-level travel time spent in this place.
 C = Inter-level travel time spent in this place.
 D = Time resting spent in this place.
 E = Time spent auto-exploring this place.
 F = Levels seen in this place.
 G = Mean time per level.
                   A        B        C        D        E       F      G
               +--------+--------+--------+--------+--------+-----+--------+
         Total |   6873 |   6718 |    155 |    718 |   5165 |   7 |  981.9 |
       Dungeon |   6873 |   6718 |    155 |    718 |   5165 |   7 |  981.9 |
               +--------+--------+--------+--------+--------+-----+--------+

Top non-repeatable levels by time:
     D:1: 1542 daAuts
     D:4: 1213 daAuts
     D:5: 1149 daAuts
     D:2: 1059 daAuts
     D:6: 778 daAuts
     D:3: 610 daAuts
     D:7: 519 daAuts
